 Dungeon Crawl Stone Soup version 0.27-a0-978-g2aa4ecdaef (webtiles) character file.

Game seed: 5618336146483041119

156 tardwrangler69 the Digger (level 5, -10/38 HPs)
             Began as a Draconian Earth Elementalist on Apr 14, 2021.
             Mangled by Pikel
             ... wielding a +1 whip of freezing
              (11 damage)
             ... on level 4 of the Dungeon.
             The game lasted 00:03:50 (4247 turns).

tardwrangler69 the Digger (DrEE)                    Turns: 4247, Time: 00:03:50

Health: -10/38     AC:  5    Str: 10    XL:     5   Next: 14%
Magic:  2/9        EV: 12    Int: 17    God:
Gold:   136        SH:  0    Dex: 11    Spells: 9/10 levels left

rFire    . . .     SeeInvis .   n - +0 rapier
rCold    + . .     Faith    .   (no shield)
rNeg     . . .     Spirit   .   (armour unavailable)
rPois    .         Reflect  .   (helmet restricted)
rElec    .         Harm     .   (no cloak)
rCorr    .         Rampage  .   (no gloves)
Will     .....                  (no boots)
Stlth    ++........             (no amulet)
HPRegen  0.12/turn              i - ring of protection from cold
MPRegen  0.11/turn              (no ring)

@: no status effects
A: AC +5, unfitting armour, cold-blooded
a: no special abilities


You were on level 4 of the Dungeon.
You visited 1 branch of the dungeon, and saw 4 of its levels.

You collected 136 gold pieces.

Inventory:

Hand Weapons
 n - a +0 rapier (weapon)
Missiles
 b - 122 stones
Jewellery
 i - a ring of protection from cold (left hand)
Scrolls
 a - a scroll of silence {unknown}
 d - 2 scrolls of amnesia {unknown}
 e - 2 scrolls of enchant weapon {unknown}
 j - 2 scrolls of teleportation {unknown}
 k - a scroll of blinking {unknown}
 l - 2 scrolls of vulnerability {unknown}
 p - 3 scrolls of identify {unknown}
Potions
 c - 2 potions of magic {unknown}
 f - a potion of lignification {unknown}
 g - a potion of degeneration {unknown}
 h - 2 potions of curing {unknown}
 m - a potion of heal wounds {unknown}
 o - a potion of cancellation {unknown}
 q - a potion of might {unknown}


   Skills:
 - Level 1.7 Dodging
 - Level 1.7 Stealth
 + Level 3.2 Spellcasting
 - Level 1.0 Transmutations
 * Level 5.1 Earth Magic


You had 9 spell levels left.
You knew the following spells:

 Your Spells              Type           Power      Damage    Failure   Level
a - Sandblast             Erth           40%        2d10      1%          1

Your spell library contained the following spells:

 Spells                   Type           Power      Damage    Failure   Level
 Passwall                 Tmut/Erth      10%        N/A       8%          2
 Stone Arrow              Conj/Erth      22%        3d8       19%         3
 Petrify                  Tmut/Erth      13%        N/A       43%         4
 Lee's Rapid Deconstruct  Erth           10%        3d9*      50%         5


Dungeon Overview and Level Annotations

Branches:
Dungeon (4/15)
 Temple: D:4-7

Altars:
The Shining One

Shops:
D:2 (

Annotations:
D:4 Pikel


Innate Abilities, Weirdness & Mutations

Your plain brown scales are hard. (AC +5)
You cannot fit into any form of body armour.
You are cold-blooded and may be slowed by cold attacks.


Message History

The blast of sand hits Pikel.
Pikel is severely wounded.
Pikel says, "You'll freeze in Cocytus!"
Pikel hits you with a +1 whip of freezing.
Pikel freezes you. The lemure hits you.
Casting: Sandblast (safe; 1% risk of failure)
Confirm with . or Enter, or press ? or * to list all spells.
Aiming: Sandblast (safe; 1% risk of failure)
Press: ? - help, Shift-Dir - straight line, f/p - Pikel
Aim: Pikel, wielding a +1 whip of freezing and wearing a +2 robe (severely wounded, 24% to evade)
The blast of sand hits Pikel.
Pikel is severely wounded.
Pikel misses you. The lemure hits you but does no damage.
Casting: Sandblast (safe; 1% risk of failure)
Confirm with . or Enter, or press ? or * to list all spells.
Aiming: Sandblast (safe; 1% risk of failure)
Press: ? - help, Shift-Dir - straight line, f/p - Pikel
Aim: Pikel, wielding a +1 whip of freezing and wearing a +2 robe (severely wounded, 24% to evade)
The blast of sand hits Pikel but does no damage.
Pikel is severely wounded.
Pikel hits you with a +1 whip of freezing!
* * * LOW HITPOINT WARNING * * *
Casting: Sandblast (safe; 1% risk of failure)
Confirm with . or Enter, or press ? or * to list all spells.
Aiming: Sandblast (safe; 1% risk of failure)
Press: ? - help, Shift-Dir - straight line, f/p - Pikel
Aim: Pikel, wielding a +1 whip of freezing and wearing a +2 robe (severely wounded, 24% to evade)
The blast of sand hits Pikel!
Pikel is almost dead.
Pikel closely misses you. The lemure hits you.
* * * LOW HITPOINT WARNING * * *
Casting: Sandblast (safe; 1% risk of failure)
Confirm with . or Enter, or press ? or * to list all spells.
Aiming: Sandblast (safe; 1% risk of failure)
Press: ? - help, Shift-Dir - straight line, f/p - Pikel
Aim: Pikel, wielding a +1 whip of freezing and wearing a +2 robe (almost dead, 24% to evade)
The blast of sand hits Pikel but does no damage.
Pikel is almost dead.
Pikel hits you with a +1 whip of freezing!
You die...

#.#... #.##.# #.....
##.### #.# # #>#
#<###############.#
#..#.555...##........#
.....JK@...##.#####..#
.###.#####.##.#####..#
#.##..............#
##....##.##.#####.##
.........##.#####.#
##.#####.##.......# #
..########## ####


You could see Pikel, 3 lemures and an endoplasm.

Vanquished Creatures
  A lemure (D:4)
  A centaur skeleton (D:3)
  A howler monkey skeleton (D:2)
  2 adders (D:3)
  An adder skeleton (D:3)
  A worm (D:2)
  3 dart slugs
  An orc (D:3)
  4 bats
  6 endoplasms
  6 giant cockroaches
  9 goblins
  10 hobgoblins
  7 jackals
  2 quokkas (D:3)
  7 ball pythons
  9 frilled lizards
  4 kobolds
  5 rats
80 creatures vanquished.

Vanquished Creatures (others)
  49 plants (D:1)
49 creatures vanquished.

Grand Total: 129 creatures vanquished

Notes
Turn   | Place    | Note
-------+----------+-------------------------------------------
     0 | D:1      | tardwrangler69 the Draconian Earth Elementalist began the
                  | quest for the Orb.
     0 | D:1      | Reached XP level 1. HP: 14/14 MP: 3/3
   465 | D:1      | Reached XP level 2. HP: 20/20 MP: 5/5
  1017 | D:1      | Reached XP level 3. HP: 18/26 MP: 6/6
  1080 | D:1      | Reached skill level 4 in Earth Magic
  2408 | D:2      | Reached XP level 4. HP: 29/33 MP: 8/8
  2464 | D:2      | Found Dist's Antique Weapon Shoppe.
  2830 | D:2      | Found a faded altar of an unknown god.
  3576 | D:3      | Reached skill level 5 in Earth Magic
  3586 | D:3      | Reached XP level 5. HP: 29/38 MP: 9/9
  4034 | D:3      | Found a glowing golden altar of the Shining One.
  4164 | D:4      | Noticed a lemure
  4180 | D:4      | Killed a lemure
  4237 | D:4      | Noticed Pikel
  4237 | D:4      | Noticed a lemure
  4238 | D:4      | Noticed a lemure
  4239 | D:4      | Noticed a lemure
  4246 | D:4      | HP: 1/38 [lemure[Pikel] (2)]
  4247 | D:4      | Mangled by Pikel

Illustrated notes

Levels and vault maps discovered:
D:1:      lightli_arrival_noodles, layout_loops_ring, kennysheep_boxes
D:2:      layout_loops_corners, chequers_ecumenical_altar_twisty, serial_shops,
          shop
D:3:      layout_loops_cross, nicolae_overflow_hidden_temple,
          corexii_hall_statues_i, grunt_decor_mini_mirrors, minmay_between
D:4:      layout_loops_cross, minmay_temple_entry_hall, serial_shops,
          kennysheep_little_box, uniq_edmund, uniq_sigmund, uniq_pikel

Skill      XL: |  1  2  3  4 |
---------------+-------------+-----
Earth Magic    | 4 5 |  5.1
Spellcasting   | 3 |  3.2
Dodging        | |  1.7
Stealth        | |  1.7
Transmutations | |  1.0

Action                   |  1- 3 |  4- 6 || total
-------------------------+-------+-------++-------
Melee: Unarmed           |    34 |       ||    34
       Dagger            |   173 |       ||   173
       Tailslap          |    14 |     9 ||    23
       Rapier            |    16 |   100 ||   116
 Cast: Sandblast         |    11 |    13 ||    24
 Stab: Sleeping          |     6 |     3 ||     9
Armor: Skin              |    63 |    32 ||    95
Dodge: Dodged            |   179 |   107 ||   286

Table legend: (Time is in decaauts)
 A = Elapsed time spent in this place.
 B = Non-inter-level travel time spent in this place.
 C = Inter-level travel time spent in this place.
 D = Time resting spent in this place.
 E = Time spent auto-exploring this place.
 F = Levels seen in this place.
 G = Mean time per level.
                   A        B        C        D        E       F      G
               +--------+--------+--------+--------+--------+-----+--------+
         Total |   4268 |   4203 |     65 |      0 |   3568 |   4 | 1067.0 |
       Dungeon |   4268 |   4203 |     65 |      0 |   3568 |   4 | 1067.0 |
               +--------+--------+--------+--------+--------+-----+--------+

Top non-repeatable levels by time:
     D:1: 1718 daAuts
     D:3: 1295 daAuts
     D:2: 1131 daAuts
     D:4: 122 daAuts
